 Dungeon Crawl Stone Soup version 0.19-a0-1692-g68728bb (webtiles) character file.

1885 Psiweapon the Shield-Bearer (level 9, 0/111 HPs)
             Began as a Hill Orc Fighter on Sept 26, 2016.
             Was a Priest of Okawaru.
             Incinerated by asdguy00's ghost (3 damage)
             ... with a sticky flame
             ... on level 6 of the Dungeon.
             The game lasted 00:23:12 (5962 turns).

Psiweapon the Shield-Bearer (Hill Orc Fighter)      Turns: 5962, Time: 00:23:12

Health: 0/111      AC: 18    Str: 26    XL:     9   Next: 14%
Magic:  2/4        EV:  8    Int:  9    God:    Okawaru [***...]
Gold:   96         SH: 12    Dex: 10    Spells: 0 memorised, 8 levels left

rFire  . . .     SeeInvis .     p - +1 spear (antimagic)
rCold  . . .     Gourm    .     A - +0 plate armour
rNeg   + . .     Faith    .     c - +0 shield
rPois  .         Spirit   .     (no helmet)
rElec  .         Dismiss  .     I - +0 cloak
rCorr  .         Reflect  .     (no gloves)
MR     .....     Harm     +     s - +0 pair of boots (curse)
Stlth  .......... Rnd*Tele +    q - amulet of harm
                                t - ring of positive energy
                                h - ring of teleportation (curse)

@: berserking, liquid flames, heroism, glowing, drained, very quick
A: no striking features
a: Heroism, Renounce Religion


You were on level 6 of the Dungeon.
You worshipped Okawaru.
Okawaru was most pleased with you.
You were not hungry.

You visited 1 branch of the dungeon, and saw 7 of its levels.

You collected 240 gold pieces.
You spent 144 gold pieces at shops.

Inventory:

Hand Weapons
 a - a +2 spear of freezing
 b - a +0 hunting sling
 l - a +0 flail
 m - a +0 war axe
 p - a +1 antimagic spear (weapon)
 u - a +3 dagger of speed
 N - the +4 Vampire's Tooth {vamp}
   (You found it on level 5 of the Dungeon)

   It inflicts no extra harm, but heals its wielder somewhat when it strikes a
   living foe.
Missiles
 j - 48 stones (quivered)
 x - 56 sling bullets
 G - 20 bolts
Armour
 c - a +0 shield (worn)
 s - a cursed +0 pair of boots (worn)
 y - a +0 scale mail
 A - a +0 plate armour (worn)
 I - a +0 cloak (worn)
Jewellery
 h - a cursed ring of teleportation (left hand)
 q - an amulet of harm (around neck)
 t - a ring of positive energy (right hand)
 L - an uncursed amulet of the gourmand
Scrolls
 e - 3 scrolls of teleportation {unknown}
 i - 2 scrolls of enchant weapon {unknown}
 o - a scroll of recharging {unknown}
 r - 2 scrolls of remove curse {unknown}
 v - 4 scrolls of identify
 w - 3 scrolls of fear {unknown}
 B - 2 scrolls of noise
 J - 2 scrolls of magic mapping {unknown}
 M - 2 scrolls of amnesia {unknown}
Potions
 d - 2 potions of might
 n - a potion of magic
 D - 3 potions of invisibility {unknown}
 E - a potion of flight {unknown}
 F - a potion of cancellation {unknown}
 H - a potion of cure mutation
 K - 2 potions of curing
Comestibles
 f - 3 bread rations
 g - 2 fruits
 k - 6 chunks of flesh
 z - 3 beef jerkies
 C - 5 meat rations


   Skills:
 - Level 5.4(9.5) Fighting
 - Level 5.0(9.9) Axes
 - Level 3.6(8.7) Polearms
 - Level 5.6(9.7) Slings
 - Level 0.6(7.7) Throwing
 - Level 5.4(9.6) Armour
 - Level 1.0(5.2) Dodging
 - Level 6.0(10.2) Shields
 + Level 5.0(4.3) Invocations


You had 8 spell levels left.
You didn't know any spells.

Dungeon Overview and Level Annotations

Branches:
Dungeon (7/15)
 Temple: D:4-7

Altars:
Ashenzari
Cheibriados
Dithmenos
Elyvilon
Fedhas
Nemelex Xobeh
Okawaru
Qazlal
Ru
Sif Muna

Shops:
D:5 !

Annotations:
D:6 asdguy00's ghost, novice DrFE


Message History

You feel better.
Asdguy00's ghost breathes negative energy at you.
The bolt of negative energy hits you! You partially resist.
You feel drained.
* * * LOW HITPOINT WARNING * * *
You gain the combat prowess of a mighty hero.
Asdguy00's ghost sprays you with burning goo.
The sticky flame hits you!
You are covered in liquid flames!
* * * LOW HITPOINT WARNING * * *
A red film seems to cover your vision as you go berserk!
You feel yourself moving faster!
You feel mighty!
You are covered in liquid flames!
* * * LOW HITPOINT WARNING * * *
Asdguy00's ghost sprays you with burning goo.
The sticky flame hits you!
You are covered in liquid flames!
You hit asdguy00's ghost but do no damage.
Asdguy00's ghost is lightly damaged.
You are covered in liquid flames!
You die...

#. #..# # #.# #.
#..##.# #.#
####.####.....# #.#
.......##..####.# #.#
#............# #.#
###.##.รท###### #.#
#.##..# #.#
#.###.##..########.###
#..rW@..>............#
#.######.#####.####...
#.# #.# ##.# #.# #.#
#.# #.. #.# #.# ###
#.# #.# #.# #<# ..#
##[# #.######...


You could see asdguy00's ghost and a quokka.

Vanquished Creatures
  Grinder (D:4)
  Menkaure (D:6)
  An orc warrior (D:6)
  An ice beast (D:7)
  3 ogres
  2 phantoms (D:4)
  A centaur (D:5)
  A gnoll sergeant (D:4)
  A bullfrog (D:7)
  2 vampire bats (D:5)
  A crimson imp (D:7)
  A hound (D:5)
  A centaur zombie (D:7)
  A jelly (D:5)
  An orc priest (D:7)
  2 orc wizards
  Jessica (D:3)
  A centaur skeleton (D:4)
  Natasha (thrice) (D:3)
  A worker ant (D:3)
  2 iguanas
  9 adders
  7 gnolls
  A shadow imp (D:6)
  2 oozes (D:3)
  2 adder skeletons
  A worm (D:2)
  2 dart slugs
  4 leopard geckos
  11 orcs
  8 giant cockroaches
  6 goblins
  9 hobgoblins
  4 kobolds
  2 quokkas
  15 bats
  6 frilled lizards
  A jackal skeleton (D:5)
  5 rats
124 creatures vanquished.

Notes
Turn   | Place    | Note
-------+----------+-------------------------------------------
     0 | D:1      | Psiweapon the Hill Orc Fighter began the quest for the Orb.
     0 | D:1      | Reached XP level 1. HP: 19/19 MP: 1/1
    57 | D:2      | Found an iron altar of Okawaru.
    69 | D:2      | Became a worshipper of Warmaster Okawaru
    98 | D:3      | Found a sparkling altar of Nemelex Xobeh.
    98 | D:3      | Found a shattered altar of Ashenzari.
    98 | D:3      | Noticed a worker ant
   210 | D:1      | Reached XP level 2. HP: 23/27 MP: 2/2
   607 | D:1      | Reached XP level 3. HP: 30/33 MP: 3/3
   696 | D:2      | Found a faded altar of an unknown god.
  1300 | D:3      | Reached XP level 4. HP: 37/40 MP: 4/4
  1566 | D:3      | Noticed Jessica
  1576 | D:3      | Killed Jessica
  1576 | D:3      | Reached * piety under Okawaru
  1576 | D:3      | Reached skill level 1 in Polearms
  1576 | D:3      | Reached XP level 5. HP: 39/46 MP: 1/5
  1594 | D:3      | Found a white marble altar of Elyvilon.
  1703 | D:2      | Found a sacrificial altar of Ru.
  1886 | D:2      | Reached skill level 4 in Shields
  2536 | D:3      | Noticed Natasha
  2543 | D:3      | Killed Natasha
  2543 | D:3      | Reached skill level 1 in Slings
  2730 | D:3      | Found a deep blue altar of Sif Muna.
  2817 | D:3      | Noticed an ogre
  2828 | D:3      | Killed an ogre
  2828 | D:3      | Reached skill level 1 in Dodging
  2828 | D:3      | Reached XP level 6. HP: 13/52 MP: 6/6
  2966 | D:3      | Noticed Natasha
  2975 | D:3      | Killed Natasha
  3139 | D:3      | Found a snail-covered altar of Cheibriados.
  3342 | D:3      | Found a stormy altar of Qazlal.
  3494 | D:3      | Noticed Natasha
  3513 | D:3      | Killed Natasha
  3734 | D:4      | Reached XP level 7. HP: 52/60 MP: 7/7
  3787 | D:4      | Reached ** piety under Okawaru
  3866 | D:4      | Noticed Grinder
  3868 | D:4      | Paralysed by Grinder for 4 turns
  3885 | D:4      | Paralysed by Grinder for 2 turns
  3893 | D:4      | Paralysed by Grinder for 3 turns
  3899 | D:4      | Killed Grinder
  3899 | D:4      | Reached skill level 5 in Fighting
  4237 | D:4      | Reached skill level 5 in Armour
  4237 | D:4      | Reached XP level 8. HP: 68/68 MP: 2/8
  4281 | D:5      | Entered Level 5 of the Dungeon
  4725 | D:4      | Reached skill level 5 in Axes
  5010 | D:6      | Reached skill level 5 in Shields
  5015 | D:6      | Reached *** piety under Okawaru
  5364 | D:5      | Reached skill level 5 in Slings
  5395 | D:5      | Found a blossoming altar of Fedhas.
  5441 | D:6      | Noticed asdguy00's ghost (novice DrFE)
  5515 | D:5      | Found Jyasiuj's Distillery.
  5523 | D:5      | Bought a potion of curing for 36 gold pieces
  5523 | D:5      | Bought a potion of curing for 36 gold pieces
  5523 | D:5      | Bought a potion of degeneration for 12 gold pieces
  5523 | D:5      | Bought a potion of berserk rage for 60 gold pieces
  5690 | D:6      | Noticed Menkaure
  5706 | D:6      | Killed Menkaure
  5706 | D:6      | Reached skill level 6 in Shields
  5711 | D:6      | Found a shadowy altar of Dithmenos.
  5722 | D:7      | Reached skill level 1 in Invocations
  5825 | D:7      | Reached XP level 9. HP: 74/74 MP: 3/11
  5927 | D:7      | Reached skill level 5 in Invocations
  5961 | D:6      | HP: 3/111 [burnt (9)]
  5962 | D:6      | Incinerated by asdguy00's ghost

Vault maps used:
D:1:      lightli_arrival_farm, minmay_misc_feat_x, minmay_misc_feat_chi,
          hangedman_decor_push
D:2:      okawaru_trees_1, ecumenical_altar_2, first_bread,
          nicolae_ru_awakened_eye
D:3:      lemuel_doored_altar, lemuel_crystal_altar, marbit_many_paths,
          grunt_temple_overflow_open, kennysheep_nondescript, minmay_quantized,
          uniq_natasha, uniq_jessica
D:4:      lightli_minifort, uniq_grinder
D:5:      basic_altar, serial_shops, shop, minmay_guarded_unrand_vampires_tooth
D:6:      basic_altar, uniq_crazy_yiuf_cottage, uniq_eustachio, uniq_menkaure
D:7:      wad_river_or_something

Skill      XL: |  1  2  3  4  5  6  7  8  9 |
---------------+----------------------------+-----
Axes           | 3 4 5 |  5.0
Fighting       | 4 5 |  5.4
Polearms       | 1 2 3 |  3.6
Armour         | 4 5 |  5.4
Shields        | 4 6 |  6.0
Slings         | 2 3 4 5 |  5.6
Dodging        | 1 |  1.0
Invocations    | 2 5 |  5.0
Throwing       | |  0.6

Action                   |  1- 3 |  4- 6 |  7- 9 || total
-------------------------+-------+-------+-------++-------
Melee: War axe           |   116 |    12 |    52 ||   180
       Spear             |    25 |    72 |   177 ||   274
 Fire: Hunting sling     |       |    88 |    31 ||   119
Throw: Stone             |    18 |     2 |     1 ||    21
Invok: Heroism           |       |       |     2 ||     2
  Use: Potion            |       |     1 |     3 ||     4
       Scroll            |       |       |     3 ||     3
  Eat: Chunk             |     1 |     8 |     8 ||    17
Armor: Scale mail        |    52 |    40 |       ||    92
       Plate armour      |       |    16 |   131 ||   147
Dodge: Dodged            |    45 |    28 |    44 ||   117
Block: Shield            |    58 |    52 |   119 ||   229
